cohdb
Replays
Latest Replays
All Replays
Popular Replays
Top Player Replays
Match Explorer
How It Works
Community
CoH3 Stats
Reddit
Sign in to upload your games and track your stats! →
Sign in with Steam
Match 42426880
Unlisted
Match 42426880
Overview
Messages
Build Orders
End
Kettenkrad Recon Vehicle
Construct Infanterie Kompanie
MG 42 Machine Gun Team
GrW 34 Mortar Team
Grenadier Squad
Pioneer Squad
Selects Breakthrough Battlegroup
Selects 2.5-tonne Cargo Truck
2.5-tonne Cargo Truck
Grenadier Squad
2.5-tonne Cargo Truck
Selects Assault Grenadiers
Selects Breakthrough
Construct Panzergrenadier Kompanie
Breakthrough
Construct Panzergrenadier Kompanie
Construct Panzer Kompanie
Panzer IV Medium Tank
Panzer IV Medium Tank
MG 42 Machine Gun Team
Selects Incendiary Bombing Run
Incendiary Bombing Run
Panzer IV Medium Tank
2.5-tonne Cargo Truck
Pioneer Squad
Panzer IV Medium Tank
Kettenkrad Recon Vehicle
Side Skirts
Selects Blitzkrieg
Incendiary Bombing Run
Panzer IV Medium Tank
Selects Tiger Heavy Tank
Stoßtruppen Squad
Breakthrough
Tiger Heavy Tank
Kettenkrad Recon Vehicle
jenscher89
Mustache and Melons
Kim Jong-un
Medness94
BlauBarschBube
rory
0
0
Comments
sign in to comment!
No comments posted yet!